 Dungeon Crawl Stone Soup version 0.26-a0-215-g1b87330c0f (webtiles) character file.

Game seed: 6614862130359328120

2445 BritishOli the Slasher (level 9, -1/70 HPs)
             Began as a Demonspawn Gladiator on July 6, 2020.
             Was a Follower of Okawaru.
             Slain by a killer bee (3 damage)
             ... on level 9 of the Dungeon.
             The game lasted 00:17:25 (9870 turns).

BritishOli the Slasher (Demonspawn Gladiator)       Turns: 9870, Time: 00:17:26

Health: -1/70      AC:  9    Str: 17    XL:     9   Next: 25%
Magic:  9/9        EV: 13    Int: 16    God:    Okawaru [*.....]
Gold:   323        SH:  0    Dex: 15    Spells: 8/8 levels left

rFire    . . .     SeeInvis .   a - +1 long sword
rCold    . . .     Faith    .   (no shield)
rNeg     . . .     Spirit   .   m - +0 ring mail
rPois    .         Reflect  .   c - +0 helmet
rElec    .         Harm     .   (no cloak)
rCorr    .                      (no gloves)
MR       .....                  (no boots)
Stlth    +.........             r - amulet of magic regeneration
HPRegen  0.21/turn              u - +6 ring of intelligence
MPRegen  0.36/turn              e - +4 ring of slaying

@: mighty, lethally poisoned (-1 -> -3), flying
A: icy blue scales 1, foul stench 1, powered by death 2, rot immunity
a: Heroism, Renounce Religion


You were on level 9 of the Dungeon.
You worshipped Okawaru.
Okawaru was aware of your devotion.
You were not hungry.

You visited 2 branches of the dungeon, and saw 10 of its levels.

You collected 323 gold pieces.

Inventory:

Hand Weapons
 a - a +1 long sword (weapon)
Missiles
 d - 4 throwing nets (quivered)
Armour
 c - a +0 helmet (worn)
 m - a +0 ring mail (worn)
Jewellery
 e - a +4 ring of slaying (right hand)
 r - an amulet of magic regeneration (around neck)
 u - a +6 ring of intelligence (left hand)
Wands
 p - a wand of iceblast (3)
 y - a wand of acid (8)
Scrolls
 i - a scroll of fear
 j - a scroll of noise {unknown}
 k - 2 scrolls of magic mapping
 l - a scroll of enchant weapon
 n - a scroll of identify {unknown}
 o - 6 scrolls of remove curse
 q - a scroll of teleportation
 t - a scroll of immolation {unknown}
 z - a scroll of summoning {unknown}
Potions
 h - a potion of degeneration {unknown}
 s - a potion of brilliance {unknown}
 v - a potion of stabbing {unknown}
 w - a potion of ambrosia {unknown}
 x - a potion of haste {unknown}
Comestibles
 B - a ration


   Skills:
 + Level 6.3 Fighting
 * Level 7.9 Long Blades
 - Level 3.0 Throwing
 + Level 5.3 Armour
 - Level 4.0 Dodging


You had 8 spell levels left.
You didn't know any spells.
Your spell library was empty.

Dungeon Overview and Level Annotations

Branches:
Dungeon (9/15)             Temple (1/1) D:7            Lair (0/6) D:8
    Orc: D:9-12

Altars:
Ashenzari
Cheibriados
Dithmenos
Elyvilon
Fedhas
Gozag
Hepliaklqana
Kikubaaqudgha
Makhleb
Nemelex Xobeh
Okawaru
Qazlal
Ru
Sif Muna
Trog
Uskayaw
Vehumet
Wu Jian
Xom
Yredelemnul
Zin
The Shining One

Shops:
D:4 (%

Annotations:
D:5 2 transporters, Bikalo's ghost, novice KoBe
D:6 Eustachio; Pikel
D:8 1 runed translucent door


Innate Abilities, Weirdness & Mutations

You are partially covered in icy blue scales. (AC +2)
You may emit foul miasma when damaged in melee.
You regenerate health from kills.
You are immune to rotting.


Message History

The bullfrog is engulfed in dark miasma.
The bullfrog looks even sicker.
It was a potion of might.
You feel very mighty all of a sudden.
* * * LOW HITPOINT WARNING * * *
You feel sick. The killer bee closely misses you.
You riposte.
You slash the killer bee!
The killer bee is moderately wounded.
The killer bee barely misses you.
The killer bee stings you but does no damage.
The killer bee misses you.
You riposte.
You closely miss the killer bee.
It was a potion of flight.
You feel very buoyant.
You fly up into the air.
* * * LOW HITPOINT WARNING * * *
You feel sick. The killer bee closely misses you.
You riposte.
You completely miss the killer bee.
The killer bee is moderately wounded.
The killer bee closely misses you. The killer bee stings you.
You die...

. .## ..#
#.# #.#
####.#####
#..☼F....#
#y## #@y#
#...#
.......
##...#.##
##.##.# .#
# .. .#


You could see a bullfrog (very poisoned, slow, sick) and 2 killer bees.

Vanquished Creatures
  A black bear (D:7)
  An orc warrior (D:8)
  5 ogres
  2 lemures (D:5)
  5 centaurs
  A bullfrog (D:8)
  A wyvern skeleton (D:8)
  4 scorpions
  2 killer bees
  2 howler monkeys
  4 hounds
  6 orc wizards
  A centaur skeleton (D:5)
  3 orc priests
  2 jellies
  2 bullfrog skeletons
  3 iguanas
  4 worker ants
  2 hound skeletons (D:5)
  8 adders
  3 shadow imps
  A white imp (D:7)
  2 adder skeletons
  An adder zombie (D:6)
  2 worms
  5 dart slugs
  5 leopard geckos
  27 orcs
  A bat (D:2)
  4 giant cockroaches
  7 hobgoblins
  14 jackals
  4 quokkas
  4 ball pythons
  2 frilled lizards
  6 goblins
  3 kobolds
  A quokka skeleton (D:4)
  A quokka zombie (D:5)
  12 rats
164 creatures vanquished.

Notes
Turn   | Place    | Note
-------+----------+-------------------------------------------
     0 | D:1      | BritishOli the Demonspawn Gladiator began the quest for the
                  | Orb.
     0 | D:1      | Reached XP level 1. HP: 16/16 MP: 1/1
   440 | D:1      | Gained mutation: You regenerate a little health from kills.
                  | [demonic ancestry]
   440 | D:1      | Reached XP level 2. HP: 20/22 MP: 2/2
  1042 | D:2      | Found a shattered altar of Ashenzari.
  1064 | D:2      | Found a blossoming altar of Fedhas.
  1193 | D:2      | Reached XP level 3. HP: 28/28 MP: 3/3
  1304 | D:2      | Reached skill level 3 in Long Blades
  1348 | D:2      | Reached skill level 1 in Armour
  1922 | D:2      | Gained mutation: You are immune to rotting. [demonic
                  | ancestry]
  1922 | D:2      | Reached XP level 4. HP: 34/34 MP: 4/4
  2249 | D:3      | Found a shattered altar of Ashenzari.
  3052 | D:4      | Reached XP level 5. HP: 37/41 MP: 5/5
  3105 | D:5      | Entered Level 5 of the Dungeon
  4103 | D:4      | Found Adicreg's Weapon Shop.
  4131 | D:4      | Gained mutation: You are partially covered in icy blue
                  | scales. (AC +2) [demonic ancestry]
  4131 | D:4      | Reached XP level 6. HP: 41/47 MP: 6/6
  4471 | D:4      | Reached skill level 4 in Long Blades
  4509 | D:4      | Found Ymas's Food Shop.
  5434 | D:4      | Gained mutation: You may emit foul miasma when damaged in
                  | melee. [demonic ancestry]
  5434 | D:4      | Reached XP level 7. HP: 49/53 MP: 7/7
  5471 | D:5      | Noticed Bikalo's ghost (novice KoBe)
  5975 | D:5      | Reached skill level 5 in Long Blades
  6116 | D:5      | Found a transporter.
  6138 | D:5      | Found a transporter.
  6351 | D:5      | Reached XP level 8. HP: 61/61 MP: 8/8
  6866 | D:6      | Reached skill level 6 in Long Blades
  7086 | D:6      | Reached skill level 5 in Fighting
  7179 | D:6      | Noticed Eustachio
  7426 | D:6      | Noticed Pikel
  8281 | D:7      | Found a staircase to the Ecumenical Temple.
  8287 | Temple   | Entered the Ecumenical Temple
  8543 | Temple   | Became a worshipper of Warmaster Okawaru
  8790 | D:7      | Reached skill level 7 in Long Blades
  9272 | D:8      | Noticed a two-headed ogre
  9401 | D:7      | Gained mutation: You regenerate health from kills. [demonic
                  | ancestry]
  9401 | D:7      | Reached XP level 9. HP: 68/69 MP: 9/9
  9409 | D:7      | Reached * piety under Okawaru
  9514 | D:7      | Reached skill level 5 in Armour
  9756 | D:8      | Found a staircase to the Lair.
  9859 | D:8      | Found a runed translucent door.
  9868 | D:9      | HP: 3/70 [killer bee (3)]
  9870 | D:9      | Slain by a killer bee

Illustrated notes

Levels and vault maps discovered:
D:1:      dpeg_arrival_three_same_balls, layout_loops_ring
D:2:      layout_loops_ring, lemuel_crystal_altar, first_ration,
          lemuel_tele_altar
D:3:      layout_loops_corners, nicolae_ashenzari_panopticon
D:4:      layout_basic, serial_shops, shop, nicolae_shop_statue_plus,
          minmay_quantized
D:5:      layout_loops_corners, gammafunk_ghost_stat_death
D:6:      layout_layer_cave, minmay_fractal_squares_5, uniq_pikel,
          uniq_eustachio
D:7:      layout_gridville, minmay_temple_entry_waves
D:8:      cheibrodos_histonic, layout_basic, dpeg_oklobed_lair,
          hangedman_pestilent_swarm, nrook_loot_triangle, minivault_10
D:9:      layout_loops_corners, serial_shops, shop, basic_altar, nrook_uturn
Temple:   roderic_octagonal_lattice_temple

Skill      XL: |  1  2  3  4  5  6  7  8  9 |
---------------+----------------------------+-----
Throwing       | 2 3 |  3.0
Dodging        | 3 4 |  4.0
Long Blades    | 3 4 5 7 |  7.9
Armour         | 1 2 3 4 5 |  5.3
Fighting       | 3 4 5 6 |  6.3

Action                   |  1- 3 |  4- 6 |  7- 9 || total
-------------------------+-------+-------+-------++-------
Melee: Long sword        |    99 |   180 |   269 ||   548
Evoke: Wand              |       |       |     1 ||     1
  Use: Potion            |       |     1 |     3 ||     4
       Scroll            |       |       |     8 ||     8
 Stab: Sleeping          |     3 |       |       ||     3
  Eat: Ration            |     1 |     4 |     4 ||     9
Armor: Leather armour    |    27 |       |       ||    27
       Ring mail         |    14 |    64 |   142 ||   220
Dodge: Dodged            |   103 |   128 |   329 ||   560
       Rpst.: Long sword |    33 |    43 |   106 ||   182

Table legend:
 A = Non-vault XP
 B = Vault XP
 C = Vault XP percentage of total XP
 D = Non-vault monster count
 E = Vault monster count
 F = Vault count percentage of total count
                 A         B        C        D         E       F
            +---------+---------+-------+---------+---------+-------
      Total |    3371 |     122 |   3.5 |     156 |       6 |   3.7
            +---------+---------+-------+---------+---------+-------
        D:1 |      30 |       0 |   0.0 |      19 |       0 |   0.0
        D:2 |      67 |       0 |   0.0 |      21 |       0 |   0.0
        D:3 |     218 |       0 |   0.0 |      20 |       0 |   0.0
        D:4 |     635 |      37 |   5.5 |      25 |       3 |  10.7
        D:5 |     460 |      13 |   2.7 |      19 |       1 |   5.0
        D:6 |     656 |      72 |   9.9 |      17 |       2 |  10.5
        D:7 |     685 |       0 |   0.0 |      21 |       0 |   0.0
        D:8 |     557 |       0 |   0.0 |      13 |       0 |   0.0
        D:9 |      63 |       0 |   0.0 |       1 |       0 |   0.0
            +---------+---------+-------+---------+---------+-------
